 Dungeon Crawl Stone Soup version 0.18-a0-1027-g814d7dd (webtiles) character file.

187933 M4edhros the Imperceptible (level 18, -17/99 HPs)
             Began as an Octopode Artificer on Jan 7, 2016.
             Was the Champion of Pakellas.
             Demolished by a shadow wraith (21 damage)
             ... on level 3 of the Abyss on Jan 8, 2016.
             The game lasted 02:50:36 (32064 turns).

M4edhros the Imperceptible (Octopode Artificer)    Turns: 32064, Time: 02:50:36

Health: -17/99     AC:  7    Str:  7 (9)  XL:     18   Next: 8%
Magic:  0/34       EV: 21    Int: 17      God:    Pakellas [******]
Gold:   2237       SH: 11    Dex: 17 (18) Spells: 3 memorised, 10 levels left

rFire  + . .     SeeInvis +     f - +3 rod of clouds (13/13)
rCold  + . .     Gourm    .     v - +1 shield {reflect}
rNeg   + . .     Faith    .     g - +2 hat {Int+3}
rPois  +         Spirit   .     d - amulet of regeneration
rElec  .         Dismiss  .     A - ring of the Middle {rPois AC+4}
rCorr  .         Reflect  +     m - +2 ring of dexterity
SustAt .         Harm     .     p - ring of positive energy
MR     +....                    q - ring of see invisible
Stlth  +++++++++.               y - ring of protection from fire
                                (no ring)
                                e - ring of magical power
                                T - ring of protection from cold

@: very slightly contaminated, somewhat resistant to hostile enchantments,
incredibly stealthy
A: almost no armour, amphibious, 8 rings, constrict 8, fangs 1, tentacle spike
1, camouflage 1, agile 1, blurry vision 2, deterioration 2, dopey 2, high mp 1,
low mp 3, screaming 1, slow regeneration 2, weak 2, gelatinous body 1, evolution
2, MP-powered wands
a: Quick Charge, Device Surge, Supercharge, Renounce Religion
}: 1/15 runes: decaying


You were on level 3 of the Abyss.
You worshipped Pakellas.
Pakellas was exalted by your worship.
You were near starving.

You visited 5 branches of the dungeon, and saw 31 of its levels.
You visited the Abyss 1 time.
You also visited: Labyrinth and Ice Cave.

You collected 3591 gold pieces.
You spent 1354 gold pieces at shops.

Inventory:

Hand Weapons
 b - a +3 dagger of chaos
 h - a +6 hunting sling of evasion
 j - a +4 flail of protection
 J - a +0 blowgun
Missiles
 k - 50 sling bullets
 l - 619 stones (quivered)
 R - 61 poisoned needles
Armour
 g - a +2 hat of intelligence (worn)
 v - a +1 shield of reflection (worn)
Rods
 f - a +3 rod of clouds (13/13) (weapon)
   (You took it off a minotaur in a labyrinth)
 r - a +5 iron rod (10/10)
   (Pakellas gifted it to you on level 1 of the Lair of Beasts)
 u - a +8 rod of the swarm (14/14)
   (You bought it in a shop on level 7 of the Dungeon)
 Q - a +3 iron rod (13/13)
   (Pakellas gifted it to you on level 7 of the Dungeon)
Jewellery
 d - an amulet of regeneration (around mantle)
 e - a ring of magical power (on tentacle)
 m - a +2 ring of dexterity (right tentacle)
 p - a ring of positive energy (on tentacle)
 q - a ring of see invisible (on tentacle)
 w - an uncursed ring of fire
 y - a ring of protection from fire (on tentacle)
 A - the ring of the Middle (left tentacle) {rPois AC+4}
   (You took it off a deep elf mage on level 2 of the Elven Halls)

   [ring of protection]

   It affects your AC (+4).
   It protects you from poison.
 T - a ring of protection from cold (on tentacle)
Wands
 a - a wand of disintegration (16/24)
 c - a wand of enslavement (17/24)
 C - a wand of draining (1/15)
 D - a wand of digging (8/24)
 E - a wand of polymorph (11/24)
 H - a wand of teleportation (4/9)
 K - a wand of paralysis (17/24)
 N - a wand of draining (15/15)
 P - a wand of fire (10/15)
 U - a wand of fireball (11/15)
Scrolls
 M - 3 scrolls of teleportation
 O - 2 scrolls of fear
 X - 2 scrolls of summoning
Potions
 n - 3 potions of might
 Y - a potion of resistance
Miscellaneous
 o - a sack of spiders {used: 6}
 x - a phial of floods (inert)
 S - a piece from Xom's chessboard
Comestibles
 s - a meat ration
 z - 5 slices of pizza
 G - a bread ration
 I - a chunk of flesh
 L - 2 fruits


   Skills:
 - Level 1.0 Fighting
 - Level 1.0 Short Blades
 + Level 13.1 Slings
 + Level 13.6 Dodging
 + Level 21.7 Stealth
 + Level 7.1 Shields
 * Level 19.3 Evocations


You had 10 spell levels left.
You knew the following spells:

 Your Spells              Type           Power        Failure   Level  Hunger
a - Repel Missiles        Chrm/Air       #.....       87%         2    ###....
b - Swiftness             Chrm/Air       #.......     87%         2    ###....
c - Regeneration          Chrm/Necr      #.........   99%         3    ####...


Dungeon Overview and Level Annotations

Branches:
Dungeon (14/15)            Temple (0/1) D:7            Lair (8/8) D:8
  Swamp (4/4) Lair:4        Snake (0/4) Lair:3        Slime (0/6) Lair:6
    Orc (2/2) D:9             Elf (3/3) Orc:2        Vaults (0/5) D:13

Altars:
Ashenzari
Cheibriados
Dithmenos
Elyvilon
Fedhas
Gozag
Nemelex Xobeh
Pakellas
Qazlal
Sif Muna
Vehumet
Xom
Yredelemnul
Zin
Beogh
Jiyva

Shops:
D:7 *}==   Orc:2 :((=

Annotations:
Elf:2 exclusion: door


Innate Abilities, Weirdness & Mutations

You cannot wear most types of armour.
You are amphibious.
You can wear up to eight rings at the same time.
You can use your tentacles to constrict eight enemies at once.
Your skin changes colour to match your surroundings (Stealth).
Your rubbery body absorbs attacks (AC +1).
You have very sharp teeth.
One of your tentacles bears a spike.
You are agile. (Dex +2)
You have an increased reservoir of magic (+10% MP).
You occasionally shout uncontrollably at your foes.
You rapidly evolve.
You expend magic power (3 MP) to strengthen your wands.
[Scrolls take you longer to read.]
[Your body often deteriorates upon taking damage.]
[You are very dopey. (Int -4)]
[Your magical capacity is extremely low (-30% MP).]
[You do not regenerate naturally when monsters are visible.]
[You are very weak. (Str -4)]


Message History

t - Shout!
Orders for allies: a - Attack new target. r - Retreat! s - Stop attacking. w - Wait here. f - Follow me.
Anything else - Stay silent.
Gang up on whom?
Press: ? - help, Dir - move target cursor, f - shadow wraith
Aim: a shadow wraith (lightly damaged, slightly transparent) Attack!
You block your tarantella's attack. The shadow wraith hits your redback!
The shadow wraith drains your redback's vigour!
Your redback seems to slow down.
Your tarantella bites the shadow wraith.
Your tarantella barely misses you.
Unknown command.
You swap places.
Your tarantella bites the shadow wraith!
Your redback bites the shadow wraith but does no damage.
The shadow wraith hits you!!
You die...

.#. . ## ####
..#. ##
.#...#...##
##
#...#...#..#
#
#.##.....#..
.*#..#.#....#
#...#..#s.#.
#..##s.@## .
#.#.s..Ws# .#
#.# #.s##s##
........ .###
.###......##
§ .#... ##
..#. ..#.
..## . #.. ..


You could see a shadow wraith (invisible), 2 friendly wolf spiders, 2 friendly
tarantellas and 2 friendly redbacks.

Vanquished Creatures
  2 thorn hunters (Swamp:2)
  Gastronok (D:11)
  A frost giant (IceCv)
  An orc warlord (Orc:1)
  The ghost of chonchonts the Severer, a journeyman MiFi of Cheibriados (Orc:2)
  2 deep elf elementalists
  2 very ugly things (Swamp:4)
  A deep elf annihilator (Elf:3)
  3 deep elf demonologists
  A death ooze (Swamp:4)
  Snorg (D:11)
  A green death (Swamp:4)
  A minotaur (Lab)
  Josephine (D:13)
  A deep elf high priest (Elf:1)
  2 hell beasts (Swamp:4)
  Harold (Lair:2)
  18 hydras
  A centaur warrior (D:13)
  Erica (D:8)
  9 dancing weapons
  8 alligators
  A hell hog (shapeshifter) (Elf:1)
  2 orc high priests
  A thrashing horror (Swamp:4)
  A hell hog (Elf:2)
  9 deep elf knights
  A spriggan druid (Swamp:4)
  2 swamp dragons (Swamp:4)
  2 hill giants
  6 deep elf archers
  5 orc knights (Orc:2)
  A hill giant (shapeshifter) (Elf:3)
  A large abomination (Swamp:4)
  Pikel (D:9)
  13 ugly things
  5 orc sorcerers
  32 deep elf magi
  4 cyclopes
  A hornet (Swamp:1)
  4 elephants
  2 griffons (Lair:8)
  4 centaur zombies
  Psyche (D:8)
  4 black mambas
  2 ice statues
  An orange demon (Swamp:4)
  9 komodo dragons
  11 spiny frogs
  3 fire drakes
  6 trolls
  A troll (shapeshifter) (Elf:1)
  20 polar bears
  5 giant leeches
  Prince Ribbit (D:6)
  5 two-headed ogres
  A raiju (shapeshifter) (D:14)
  6 blink frogs
  17 slime creatures
  5 bog bodies
  The ghost of M4edhros the Sneak, an amateur OpAr (D:3)
  3 air elementals
  89 yaks
  4 water elementals
  A wyvern (D:8)
  3 shadows (Swamp:4)
  2 trapdoor spiders (D:13)
  6 redbacks (Lair:8)
  5 wraiths
  12 spriggans
  Grum (D:8)
  4 basilisks
  A hungry ghost (D:11)
  13 vampire mosquitoes
  9 hippogriffs
  38 wolves
  2 mottled dragons
  A soldier ant (D:12)
  5 wargs
  7 insubstantial wisps
  Edmund (D:6)
  12 swamp worms
  6 water moccasins
  Duvessa (D:6)
  6 porcupines
  A hell hound (shapeshifter) (Elf:1)
  5 ice beasts
  A slave (D:9)
  8 swamp drakes
  8 wasps
  31 orc warriors
  A sky beast (D:6)
  A necrophage (D:7)
  A phantom (D:10)
  14 ogres
  7 black bears
  An eye of draining (D:10)
  13 centaurs
  14 crocodiles
  11 big kobolds
  Blork the orc (D:5)
  18 giant frogs
  4 earth elementals
  Dowan (D:6)
  A wyvern zombie (D:7)
  11 iguanas
  A water moccasin skeleton (D:11)
  The ghost of crawlian the Chopper, a weakling HOGl of Makhleb (D:5)
  7 wights
  2 electric eels
  2 giant frog zombies
  6 crimson imps
  5 hounds
  3 giant frog skeletons
  A jelly (D:11)
  25 orc priests
  2 centaur skeletons
  Natasha (thrice) (D:4)
  39 orc wizards
  7 worker ants
  12 sheep
  A hound zombie (D:9)
  2 worker ant zombies
  Robin (D:3)
  43 river rats
  10 adders
  2 shadow imps
  4 oozes
  4 worms
  4 giant geckos
  103 orcs
  2 giant cockroaches
  9 goblins
  4 hobgoblins
  12 jackals
  33 kobolds
  7 quokkas
  10 bats
  A giant gecko zombie (D:6)
  5 giant newts
  A jackal zombie (D:6)
  A quokka skeleton (D:8)
  A quokka zombie (D:8)
  3 rats
  A spectral orc (D:6)
  A bush (D:8)
  3 fungi
  2 lurking horrors (Abyss:3)
  A plant (D:8)
  A starspawn tentacle (Abyss:3)
1030 creatures vanquished.

Vanquished Creatures (collateral kills)
  A tentacled starspawn (Abyss:3)
  A thorn hunter (Swamp:2)
  Donald (Swamp:1)
  A deep elf sorcerer (Elf:1)
  6 slime creatures
  A green death (Swamp:4)
  A hydra (Swamp:4)
  2 alligators
  2 orc high priests (Orc:2)
  A wretched star (Abyss:3)
  A hell hog (Abyss:3)
  A giant orange brain (Abyss:3)
  3 swamp dragons
  A deep elf archer (Elf:2)
  An orc knight (Orc:2)
  5 elephants
  A griffon (Lair:8)
  2 deep elf magi (Elf:2)
  A cyclops (D:12)
  A worldbinder (Abyss:3)
  A centaur zombie (D:12)
  A black mamba (Lair:8)
  An apocalypse crab (Abyss:3)
  A smoke demon (Abyss:3)
  4 spiny frogs
  An ancient zyme (Abyss:3)
  A fire drake (Lair:8)
  A giant leech (Swamp:3)
  3 polar bears (Lair:8)
  5 bog bodies
  A raiju (Abyss:3)
  A blink frog (Lair:4)
  2 redbacks (Lair:8)
  6 spriggans (Lair:8)
  17 yaks
  A shadow (Swamp:2)
  A water elemental (Elf:2)
  A fire elemental (Abyss:3)
  A chaos spawn (Abyss:3)
  11 vampire mosquitoes
  A steam dragon (Lair:4)
  2 hippogriffs (Lair:8)
  A small abomination (Swamp:4)
  13 wolves
  A mottled dragon (Lair:4)
  9 swamp worms
  4 insubstantial wisps
  2 water moccasins
  3 swamp drakes (Swamp:3)
  2 porcupines
  2 orc warriors (Orc:2)
  A black bear (Lair:8)
  5 crocodiles (Lair:8)
  A giant frog (Lair:4)
  A hound (D:4)
  The ghost of crawlian the Chopper, a weakling HOGl (D:4)
  An electric eel (Lair:4)
  5 starcursed masses (Abyss:3)
  An iguana (Lair:4)
  A worker ant (D:4)
  6 river rats (Lair:8)
  An ufetubus (Abyss:3)
  An orc (Orc:2)
  11 fungi (Lair:8)
  5 plants (Lair:8)
176 creatures vanquished.

Vanquished Creatures (others)
  An orc warrior (Orc:2)
  An apocalypse crab (Abyss:3)
  A spiny frog (Swamp:4)
  A polar bear (IceCv)
  2 yaks
  A starcursed mass (Abyss:3)
  A sky beast (D:7)
  A river rat (Lair:2)
  A shadow imp (D:5)
  16 fungi
  6 plants
  3 starspawn tentacles (Abyss:3)
  8 starspawn tentacle segments (Abyss:3)
43 creatures vanquished.

Grand Total: 1249 creatures vanquished

Notes
Turn   | Place    | Note
--------------------------------------------------------------
     0 | D:1      | M4edhros the Octopode Artificer began the quest for the Orb.
     0 | D:1      | Reached XP level 1. HP: 13/13 MP: 3/3
     6 | D:1      | Noticed an iguana
     7 | D:1      | Noticed a salamander
     7 | D:1      | Noticed a polar bear
   376 | D:1      | Reached XP level 2. HP: 15/18 MP: 4/4
  1178 | D:3      | Noticed M4edhros's ghost (amateur OpAr)
  1228 | D:3      | Reached XP level 3. HP: 21/23 MP: 1/5
  1262 | D:3      | Found an oddly glowing altar of Pakellas.
  1270 | D:3      | Became a worshipper of Pakellas the Inventive
  2092 | D:2      | Reached XP level 4. HP: 28/28 MP: 2/6
  2307 | D:3      | Found a glowing silver altar of Zin.
  2314 | D:3      | Found a stormy altar of Qazlal.
  2322 | D:3      | Found a shattered altar of Ashenzari.
  2333 | D:3      | Found a snail-covered altar of Cheibriados.
  2340 | D:3      | Found a shadowy altar of Dithmenos.
  2345 | D:3      | Found a radiant altar of Vehumet.
  2345 | D:3      | Noticed Robin
  2356 | D:3      | Reached * piety under Pakellas
  2362 | D:3      | Killed Robin
  2362 | D:3      | Reached skill level 4 in Stealth
  2609 | D:3      | Killed M4edhros's ghost
  2609 | D:3      | Reached skill level 1 in Slings
  2609 | D:3      | Reached skill level 5 in Stealth
  2609 | D:3      | Reached XP level 5. HP: 21/33 MP: 2/8
  2609 | D:3      | Reached XP level 6. HP: 24/38 MP: 3/9
  2812 | D:3      | Found a white marble altar of Elyvilon.
  3012 | D:4      | Noticed Natasha
  3054 | D:4      | Noticed crawlian's ghost (weakling HOGl)
  3126 | D:4      | Killed crawlian's ghost
  3126 | D:4      | Reached skill level 5 in Evocations
  3127 | D:4      | Killed Natasha
  3244 | D:4      | Noticed Natasha
  3315 | D:4      | HP: 1/38 [orc/short sword (3)]
  3553 | D:4      | Found a shimmering altar of Xom.
  3659 | D:4      | Reached XP level 7. HP: 22/43 MP: 3/11
  3742 | D:4      | Killed Natasha
  3827 | D:4      | Noticed Natasha
  3833 | D:4      | Reached ** piety under Pakellas
  3833 | D:4      | Received a gift from Pakellas
  3886 | D:4      | Killed Natasha
  3886 | D:4      | Reached skill level 6 in Stealth
  3989 | D:5      | Entered Level 5 of the Dungeon
  4079 | D:5      | Noticed crawlian's ghost (weakling HOGl)
  4513 | D:5      | Reached *** piety under Pakellas
  4523 | D:5      | Reached XP level 8. HP: 22/48 MP: 12/12
  4815 | D:5      | Found an opulent altar of Gozag.
  4851 | D:5      | Reached skill level 5 in Dodging
  4853 | D:5      | Noticed Blork the orc
  4861 | D:5      | Killed Blork the orc
  5102 | D:6      | Reached skill level 7 in Stealth
  5146 | D:6      | Noticed Dowan
  5147 | D:6      | Noticed Duvessa
  5155 | D:6      | Killed Duvessa
  5157 | D:6      | Killed Dowan
  5287 | D:6      | Noticed Prince Ribbit
  5359 | D:6      | Reached XP level 9. HP: 12/53 MP: 6/14
  5359 | D:6      | Reached skill level 8 in Stealth
  5374 | D:6      | Killed Prince Ribbit
  5524 | D:6      | Noticed Edmund
  5534 | D:6      | Killed Edmund
  5924 | D:6      | Found a basalt altar of Yredelemnul.
  6020 | D:6      | Found a sparkling altar of Nemelex Xobeh.
  6117 | D:7      | Reached **** piety under Pakellas
  6117 | D:7      | Received a gift from Pakellas
  6124 | D:7      | Found Ygisiuteuz's Jewellery Shoppe.
  6150 | D:7      | Reached skill level 5 in Slings
  6210 | D:7      | Found Esemit's Assorted Antiques.
  6216 | D:7      | Reached skill level 9 in Evocations
  6222 | D:7      | Bought a jade ring for 125 gold pieces
  6222 | D:7      | Bought a garnet ring for 125 gold pieces
  6293 | D:7      | Found a staircase to the Ecumenical Temple.
  6357 | D:7      | Found Bezi's Jewellery Shoppe.
  6666 | D:7      | Found Taiskis's Gadget Boutique.
  6831 | D:7      | Reached XP level 10. HP: 51/58 MP: 17/17
  6902 | D:8      | Noticed Erica
  6911 | D:8      | Killed Erica
  6911 | D:8      | Reached skill level 10 in Stealth
  6911 | D:8      | Reached skill level 10 in Evocations
  6947 | D:8      | Found a staircase to the Lair.
  7107 | D:8      | Reached ***** piety under Pakellas
  7296 | D:8      | Found a blossoming altar of Fedhas.
  7621 | D:8      | Noticed Psyche
  7628 | D:8      | Killed Psyche
  7628 | D:8      | Reached skill level 11 in Stealth
  7660 | D:8      | Noticed Grum
  7674 | D:8      | Killed Grum
  8179 | D:9      | Reached XP level 11. HP: 35/63 MP: 19/19
  8191 | D:9      | Found a staircase to the Orcish Mines.
  8602 | D:9      | Reached skill level 12 in Stealth
  8772 | D:9      | Gained mutation: [Your magical capacity is low (-10% MP).] [potion of mutation]
  8772 | D:9      | Gained mutation: Your natural rate of healing is unusually fast. [potion of mutation]
  8772 | D:9      | Gained mutation: You are agile. (Dex +2) [potion of mutation]
  8935 | D:9      | Noticed Pikel
  8953 | D:9      | Killed Pikel
  9306 | D:10     | Entered Level 10 of the Dungeon
  9426 | D:10     | Reached skill level 13 in Stealth
  9753 | D:10     | Noticed a hill giant
  9767 | D:10     | Killed a hill giant
  9800 | D:10     | Noticed a cyclops
  9803 | D:10     | Killed a cyclops
  9937 | D:11     | Noticed Snorg
  9942 | D:11     | Killed Snorg
  9961 | D:11     | Noticed Gastronok
  9970 | D:11     | Killed Gastronok
  9970 | D:11     | Reached skill level 14 in Stealth
  9970 | D:11     | Reached XP level 12. HP: 53/68 MP: 8/19
  9984 | D:11     | Found a frozen archway.
 10012 | IceCv    | Entered an ice cave
 10307 | IceCv    | Got a crude rapier
 10308 | IceCv    | Identified the +0 rapier of Subterfuge {freeze, Dex+4} (You found it in an ice cave)
 10744 | IceCv    | Reached skill level 15 in Stealth
 10885 | IceCv    | Reached ****** piety under Pakellas
 11493 | IceCv    | Noticed a frost giant
 11843 | IceCv    | Killed a frost giant
 11843 | IceCv    | Reached XP level 13. HP: 72/72 MP: 6/21
 12005 | D:11     | Reached skill level 16 in Stealth
 12602 | D:12     | Received a gift from Pakellas
 13286 | D:12     | Reached skill level 10 in Dodging
 13442 | D:13     | Noticed Josephine
 14098 | D:13     | Reached skill level 17 in Stealth
 14106 | D:13     | Killed Josephine
 14210 | D:13     | Found a gate to the Vaults.
 14415 | D:14     | Reached skill level 15 in Evocations
 14419 | D:14     | Reached XP level 14. HP: 75/79 MP: 7/22
 14461 | D:14     | Gained mutation: You expend magic power (3 MP) to strengthen your wands. [mutagenic meat]
 14462 | D:14     | Gained mutation: You evolve. [mutagenic meat]
 14463 | D:14     | Gained mutation: [You are dopey. (Int -2)] [mutagenic meat]
 14464 | D:14     | Gained mutation: You are resistant to hostile enchantments. [mutagenic meat]
 14465 | D:14     | Lost mutation: You are resistant to hostile enchantments. [mutagenic meat]
 14552 | D:10     | Lost mutation: [Your magical capacity is low (-10% MP).] [potion of cure mutation]
 14552 | D:10     | Lost mutation: Your natural rate of healing is unusually fast. [potion of cure mutation]
 14552 | D:10     | Lost mutation: You expend magic power (3 MP) to strengthen your wands. [potion of cure mutation]
 14622 | Orc:1    | Entered Level 1 of the Orcish Mines
 14772 | Orc:1    | Found a roughly hewn altar of Beogh.
 15284 | Orc:1    | Noticed an orc warlord
 15297 | Orc:1    | Killed an orc warlord
 15297 | Orc:1    | Reached skill level 10 in Slings
 15357 | Orc:1    | Found a roughly hewn altar of Beogh.
 15522 | Orc:2    | Entered Level 2 of the Orcish Mines
 15522 | Orc:2    | Noticed chonchonts's ghost (journeyman MiFi)
 15972 | Orc:2    | Killed chonchonts's ghost
 15972 | Orc:2    | Reached skill level 18 in Stealth
 16439 | Orc:2    | Found a staircase to the Elven Halls.
 16899 | Orc:2    | Found Zokhloghu's Weapon Emporium.
 16899 | Orc:2    | Found Peorgh Le Her's Book Boutique.
 16901 | Orc:2    | Found Meewn's Jewellery Emporium.
 16901 | Orc:2    | Found Wuocwyi's Weapon Boutique.
 17436 | D:7      | Bought a +6 rod of the swarm (12/12) for 1104 gold pieces
 17549 | D:5      | Killed crawlian's ghost
 17647 | D:3      | Got a heavily runed helmet
 17648 | D:3      | Identified the +1 helmet of Pessimism {rPois rCorr Int+7} (You took it off Robin on level 3 of the Dungeon)
 17949 | Lair:1   | Entered Level 1 of the Lair of Beasts
 17992 | Lair:1   | Received a gift from Pakellas
 18930 | Lair:2   | Noticed Harold
 18944 | Lair:2   | Killed Harold
 19741 | Lair:3   | Found a staircase to the Snake Pit.
 20248 | Lair:4   | Reached skill level 19 in Stealth
 20274 | Lair:4   | Found a staircase to the Swamp.
 20299 | Lair:4   | Reached XP level 15. HP: 40/83 MP: 27/27
 21587 | Lair:5   | Found a deep blue altar of Sif Muna.
 21927 | Lair:5   | Gained mutation: You have very sharp teeth. [evolution]
 21954 | Lair:6   | Found a labyrinth entrance.
 21968 | Lab      | Entered a labyrinth
 22321 | Lab      | Identified Padapurph's Catalogue of the Hidden Nights
 22325 | Lab      | Learned a level 2 spell: Repel Missiles
 22328 | Lab      | Learned a level 2 spell: Swiftness
 22332 | Lab      | Learned a level 3 spell: Regeneration
 22428 | Lair:6   | Reached skill level 1 in Shields
 22488 | Lair:6   | Identified a +0 rod of clouds (9/9) (You took it off a minotaur in a labyrinth)
 22600 | Lair:6   | Found a viscous altar of Jiyva.
 22601 | Lair:6   | Found a staircase to the Slime Pits.
 22639 | Lair:6   | Got a bloodstained morningstar
 22649 | Lair:6   | Identified the +4 morningstar of Brutal Revenge {vamp, Dex+4} (You found it on level 6 of the Lair of Beasts)
 23272 | Lair:8   | Entered Level 8 of the Lair of Beasts
 23498 | Lair:8   | Received a gift from Pakellas
 23787 | Lair:8   | Reached skill level 20 in Stealth
 24819 | Swamp:1  | Entered Level 1 of the Swamp
 24832 | Swamp:1  | Reached XP level 16. HP: 51/89 MP: 21/28
 25470 | Swamp:1  | Noticed Donald
 25504 | Swamp:1  | Killed Donald
 26071 | Swamp:2  | Noticed a thorn hunter
 26084 | Swamp:2  | Killed a thorn hunter
 26474 | Swamp:2  | Noticed a thorn hunter
 26482 | Swamp:2  | Killed a thorn hunter
 26563 | Swamp:2  | Noticed a thorn hunter
 26574 | Swamp:2  | Killed a thorn hunter
 27392 | Swamp:4  | Entered Level 4 of the Swamp
 27870 | Swamp:4  | Gained mutation: You occasionally shout uncontrollably at your foes. [potion of mutation]
 27870 | Swamp:4  | Gained mutation: Your spells are a little easier to cast, but a little less powerful. [potion of mutation]
 27870 | Swamp:4  | Gained mutation: You rapidly evolve. [potion of mutation]
 27972 | Swamp:4  | Gained mutation: Your muscles are strong. (Str +2) [evolution]
 28043 | Swamp:4  | Reached skill level 5 in Shields
 28088 | Swamp:4  | Reached skill level 21 in Stealth
 28129 | Swamp:4  | Lost mutation: [You are dopey. (Int -2)] [mutagenic meat]
 28131 | Swamp:4  | Gained mutation: You are very agile. (Dex +4) [mutagenic meat]
 28132 | Swamp:4  | Gained mutation: [Your body sometimes deteriorates upon taking damage.] [mutagenic meat]
 28133 | Swamp:4  | Lost mutation: Your muscles are strong. (Str +2) [mutagenic meat]
 28134 | Swamp:4  | Gained mutation: [You are dopey. (Int -2)] [mutagenic meat]
 28135 | Swamp:4  | Lost mutation: Your spells are a little easier to cast, but a little less powerful. [mutagenic meat]
 28136 | Swamp:4  | Lost mutation: You are very agile. (Dex +4) [mutagenic meat]
 28372 | Swamp:4  | Received a gift from Pakellas
 28380 | Swamp:4  | Reached XP level 17. HP: 85/93 MP: 30/30
 28666 | Swamp:4  | Gained mutation: You expend magic power (3 MP) to strengthen your wands. [mutagenic meat]
 28788 | Swamp:4  | Got a decaying rune of Zot
 29219 | Elf:1    | Entered Level 1 of the Elven Halls
 29536 | Elf:1    | Noticed an Executioner
 29683 | Elf:1    | Gained mutation: You have an increased reservoir of magic (+10% MP). [mutagenic meat]
 29684 | Elf:1    | Gained mutation: You are frail (-10% HP). [mutagenic meat]
 29685 | Elf:1    | Lost mutation: You are frail (-10% HP). [mutagenic meat]
 29967 | Elf:1    | Lost mutation: [You are dopey. (Int -2)] [evolution]
 30546 | Elf:1    | Got a steaming halberd {flame}
 30549 | Elf:1    | Identified the cursed +0 halberd "Meiffor" {flame, -Tele rC+ Dex+3} (You took it off a deep elf high priest on level 1 of the Elven Halls)
 30685 | Elf:1    | Noticed a Brimstone Fiend
 30960 | Elf:2    | Got an ancient bronze ring
 30989 | Elf:2    | Identified Peclou's Papyrus of Plaster Cramp
 31032 | Elf:2    | HP: 3/93 [deep elf archer/arrow of flame (9)]
 31371 | Elf:2    | Identified the ring of the Middle {rPois AC+4} (You took it off a deep elf mage on level 2 of the Elven Halls)
 31379 | Elf:2    | Identified Ts'ui Pên's Catalogue of Forking Paths (You found it on level 2 of the Elven Halls)
 31387 | Elf:2    | Identified the Tome of Axaxaxas mlö
 31649 | Elf:3    | Entered Level 3 of the Elven Halls
 31808 | Elf:3    | Reached XP level 18. HP: 99/99 MP: 30/34
 31814 | Elf:3    | Cast into level 3 of the Abyss (a deep elf sorcerer)
 31853 | Abyss:3  | Noticed a lich
 31856 | Abyss:3  | Noticed a bone dragon
 31864 | Abyss:3  | HP: 3/99 [starcursed mass/accursed screaming (7)]
 31874 | Abyss:3  | Gained mutation: One of your tentacles bears a spike. [evolution]
 32008 | Abyss:3  | Gained mutation: [You are dopey. (Int -2)] [mutagenic glow]
 32039 | Abyss:3  | HP: 4/99 [raiju/living lightning (3)]
 32050 | Abyss:3  | XOM: swap monsters
 32064 | Abyss:3  | Demolished by a shadow wraith

Vault maps used:
D:1:      onia_arrival_zoo_common, minivault_4
D:3:      old_standard_altar, grunt_temple_overflow_octagram, uniq_robin
D:4:      kennysheep_mini_moat, first_bread, uniq_natasha
D:5:      kennysheep_kobold_camp, marbit_many_paths, uniq_blork_the_orc
D:6:      yredelemnul_forgotten_temple_becter, nemelex_spade_bored_becter,
          uniq_duvessa, uniq_prince_ribbit1, uniq_edmund
D:7:      minmay_temple_entry_nine_rooms, serial_shops, shop, shop,
          nicolae_shop_waterfront, nicolae_shop_waterfront
D:8:      fedhas_bush_and_centaur_altar, david_lair_shrubbed, special_room,
          grunt_pizzeria, kennysheep_potato, uniq_erica, uniq_grum, uniq_psyche
D:9:      david_orc_3, uniq_pikel
D:10:     hangedman_decor_clover_reticule, stair_cage_line, minivault_23
D:11:     portal_ice_cave_entry_ice_statue_01, uniq_gastronok, uniq_erolcha,
          uniq_snorg
D:13:     erik_vaults_1, minmay_misc_feat_room, uniq_josephine
D:14:     nicolae_wwwww, basic_altar, nicolae_ru_awakened_eye
Lair:1:   infiniplex_staircase_pool
Lair:2:   grunt_megastairs_1, uniq_harold
Lair:3:   dummy_snake_entry
Lair:4:   swamp_mist_pool, guppyfry_lair_drakes
Lair:5:   basic_altar, serial_forest, infiniplex_forest_clump_curved,
          infiniplex_forest_clump_curved, infiniplex_forest_lined_3_way,
          infiniplex_forest_lined_room_2, infiniplex_forest_clump_small,
          infiniplex_forest_3_way, infiniplex_forest_clump_small,
          infiniplex_forest_corner_2
Lair:6:   slime_altar_1, lab_entry_generic
Lair:7:   st_stairs_11
Lair:8:   minmay_lair_end_enchanted_forest, st_stairs_3, grunt_megastairs_2
Swamp:1:  infiniplex_staircase_pool_2, uniq_donald
Swamp:2:  evilmike_swamp_ruin_house_3
Swamp:3:  evilmike_swamp_ruin_rubble_2, swamp_pool5
Swamp:4:  swamp_vile, swamp_pool1
Orc:1:    basic_altar, minmay_orc_temple_c
Orc:2:    grunt_orc_tribal_feast
Elf:1:    eino_elf_arrival_customs, orc_legates, nicolae_elf_big_sculpture_1
Elf:2:    nrook_mini_backslash, bh_hangedman_babel_library
Elf:3:    minmay_elf_hall_spiked, uniq_mara
Abyss:3:  hangedman_abyss_or_decor_slice, minivault_13
Lab:      nicolae_lab_dead_adventurers, nicolae_lab_do_over, nicolae_lab_blocks,
          labyrinth_fake_exit, nicolae_lab_checkerboard,
          nicolae_lab_very_dead_end, nicolae_lab_grate_2
IceCv:    ice_cave_caverns_02

Action                   |  1- 3 |  4- 6 |  7- 9 | 10-12 | 13-15 | 16-18 || total
-------------------------+-------+-------+-------+-------+-------+-------++-------
Melee: Short sword       |    64 |    41 |    26 |       |       |       ||   131
       Dagger            |       |       |   316 |   280 |   669 |    40 ||  1305
       Flail             |       |       |       |   104 |   408 |   187 ||   699
       Rapier            |       |       |       |     6 |       |       ||     6
       Rod               |       |       |       |       |    17 |       ||    17
       Morningstar       |       |       |       |       |    28 |       ||    28
 Fire: Hunting sling     |       |    15 |    32 |   388 |   191 |   142 ||   768
       Blowgun           |       |       |     2 |       |     5 |     8 ||    15
Invok: Quick Charge      |       |       |     9 |     6 |    15 |     8 ||    38
       Device Surge      |       |       |     1 |    10 |    14 |    17 ||    42
Evoke: Wand              |     4 |    19 |    25 |    70 |    73 |    34 ||   225
       Rod               |       |       |     2 |    11 |   119 |   181 ||   313
       Phial of floods   |       |       |       |       |       |     2 ||     2
       Sack of spiders   |       |       |       |       |       |     7 ||     7
       Box of beasts     |       |       |       |       |       |     6 ||     6
       Piece from Xom's  |       |       |       |       |       |     1 ||     1
  Use: Scroll            |       |       |     4 |    11 |    14 |    18 ||    47
       Potion            |       |       |       |    13 |     9 |    16 ||    38
 Stab: Sleeping          |     8 |     8 |    18 |    29 |    91 |     7 ||   161
       Distracted        |     1 |     1 |     2 |     1 |     5 |     3 ||    13
       Paralysed         |       |     2 |       |     1 |     4 |     1 ||     8
       Invisible         |       |       |       |     2 |       |     2 ||     4
       Confused          |       |       |       |    10 |    25 |       ||    35
       Petrifying        |       |       |       |     2 |     5 |       ||     7
  Eat: Chunk             |     3 |     5 |    13 |    14 |    71 |    58 ||   164
       Meat ration       |       |       |       |     2 |     4 |     6 ||    12
       Beef jerky        |       |       |       |       |     2 |       ||     2
       Bread ration      |       |       |       |       |     1 |     1 ||     2
       Pizza             |       |       |       |       |       |     6 ||     6
